 Dungeon Crawl Stone Soup version 0.32-a0-886-g41c5271027 (webtiles) character file.

Game seed: 3439575894736711608

4574 ezpacito the Chopper (level 10, -1/77 HPs)
             Began as a Coglin Chaos Knight on Apr 3, 2024.
             Was a Plaything of Xom.
             Slain by an orc warrior
             ... wielding a +0 trident of freezing
             ... summoned by Xom
              (3 damage)
             ... on level 9 of the Dungeon.
             The game lasted 00:12:42 (8230 turns).

ezpacito the Chopper (Coglin Chaos Knight)          Turns: 8230, Time: 00:12:43

Health: -1/77      AC: 16    Str: 20    XL:     10   Next: 41%
Magic:  5/15       EV: 10    Int: 11    God:    Xom [*.....]
Gold:   31         SH:  0    Dex: 20    Spells: 2/16 levels left

rFire   + . .        a - +3 hand axe (chaos) {Masataka}
rCold   . . .        D - +5 spear "Tinew" {freeze, rElec Int+3}
rNeg    . . .        s - +1 chain mail
rPois   .            (helmet restricted)
rElec   +            (no cloak)
rCorr   .            w - +2 pair of gloves {infuse}
SInv    .            B - +1 pair of boots {rampage}
Will    ++...        (amulet unavailable) Stlth
                     (ring unavailable)
HPRegen 0.32/turn    (ring unavailable)
MPRegen 0.14/turn    (no gizmo)

%: random rage (3%), rampage, infuse magic (1 MP)
@: about to teleport, revving
A: off-hand wielding, slow wielding, warmup strikes, no jewellery, antennae 1,
agile 2, berserk 1, fire resistance 1, strong-willed 2, strong 1, evolution 1
a: Invent Gizmo, Renounce Religion


You were on level 9 of the Dungeon.
You worshipped Xom.
You were a special plaything of Xom.
You visited 1 branch of the dungeon, and saw 9 of its levels.
You also visited: Ossuary.

You collected 499 gold pieces.
You spent 468 gold pieces at shops.

Inventory:

Hand Weapons
 a - a +3 hand axe of chaos (weapon) {Masataka}
 e - a +0 trident
 g - a +1 vampiric broad axe
 r - a +0 whip of chaos {Arun}
 C - a +0 war axe of flaming
 D - the +5 spear "Tinew" (offhand) {freeze, rElec Int+3}
   (You took it off an orc warrior on level 9 of the Dungeon)

   Int+3:     It affects your intelligence (+3).
   rElec:     It insulates you from electricity.
Missiles
 b - 13 poisoned darts (quivered)
 y - 4 curare-tipped darts
Armour
 s - a +1 chain mail (worn)
 w - a +2 pair of gloves of infusion (worn)
 B - a +1 pair of boots of rampaging (worn)
Wands
 u - a wand of polymorph (3)
Scrolls
 c - a scroll of poison
 f - a scroll of fog
 j - a scroll of immolation
 t - a scroll of teleportation
 v - 2 scrolls of vulnerability
 x - a scroll of noise
 E - a scroll of enchant weapon
Potions
 d - 2 potions of might
 h - a potion of haste
 k - 3 potions of brilliance
 l - a potion of heal wounds
 m - 3 potions of mutation
 n - a potion of resistance
 o - a potion of cancellation
 p - 3 potions of attraction
 q - 4 potions of curing
 z - a potion of berserk rage
 A - 2 potions of enlightenment


   Skills:
 * Level 6.8 Fighting
 * Level 6.9(7.8) Axes
 * Level 5.2(6.6) Polearms
 * Level 5.5 Armour
 * Level 5.3 Dodging
 + Level 3.5 Stealth
 + Level 3.5 Spellcasting
 + Level 0.8 Necromancy
 + Level 1.1 Translocations
 + Level 2.1 Evocations


You had 2 spell levels left.
You knew the following spells:

 Your Spells              Type           Power      Damage    Failure   Level
a - Freeze                Ice            4%         1d3       86%         1
b - Blink                 Tloc           8%         N/A       85%         2
c - Fugue of the Fallen   Necr           3%         N/A       98%         3
d - Anguish               Hex/Necr       1%         N/A       100%        4
e - Ensorcelled Hibernat  Hex/Ice        2%         N/A       95%         2
f - Lesser Beckoning      Tloc           8%         N/A       85%         2

Your spell library contained the following spells:

 Spells                   Type           Power      Damage    Failure   Level
 Magic Dart               Conj           4%         1d3       86%         1
 Momentum Strike          Conj/Tloc      6%         3d8       90%         2
 Searing Ray              Conj           2%         2d4       95%         2
 Dazzling Flash           Conj/Hex       2%         N/A       99%         3
 Frozen Ramparts          Ice            2%         1d1       99%         3
 Hailstorm                Conj/Ice       1%         3d5       99%         3
 Summon Ice Beast         Ice/Summ       1%         N/A       99%         3
 Fulminant Prism          Conj/Alch      0%         3d5       100%        4
 Summon Blazeheart Golem  Fire/Summ      1%         N/A       100%        4
 Dispersal                Tloc           2%         N/A       100%        6
 Gell's Gavotte           Tloc           2%         2d(12-18) 100%        6
 Starburst                Conj/Fire      0%         6d3       100%        6
 Manifold Assault         Tloc           2%         N/A       100%        7
 Orb of Destruction       Conj           0%         9d5       100%        7
 Spellforged Servitor     Conj/Summ      0%         N/A       100%        7
 Disjunction              Tloc           2%         N/A       100%        8
 Maxwell's Capacitive Co  Air            0%         ∞         100%        8


Dungeon Overview and Level Annotations

Branches:
Dungeon (9/15)             Temple (0/1) D:4            Lair (0/5) D:9
Ossuary (visited)
    Orc: D:9-12

Altars:
Cheibriados
Elyvilon
Fedhas
Gozag
Hepliaklqana
Nemelex Xobeh
Okawaru
Ru
Sif Muna
Trog
Vehumet
Xom
Yredelemnul

Shops:
D:1 [   D:7 =   D:9 (


Innate Abilities, Weirdness & Mutations

You can wield a second weapon in your off-hand.
It takes a long time for you to wield or remove held weapons.
Your first few attacks do less damage.
You cannot equip rings or amulets.
You have a pair of small antennae on your head.
You are very agile. (Dex +8, Str/Int -2)
You sometimes lose your temper in combat.
Your flesh is heat resistant. (rF+)
You are highly strong-willed. (Will++)
Your muscles are strong. (Str +4, Int/Dex -1)
You have hidden genetic potential.


Message History

The two-headed ogre is almost dead.
You hit something with your +3 hand axe of chaos.
You hit the two-headed ogre with the +5 spear "Tinew".
You freeze the two-headed ogre.
The two-headed ogre hits you with a +0 giant club!!!
* * * LOW HITPOINT WARNING * * *
The two-headed ogre hits you with a +0 giant club.
* * * LOW HITPOINT WARNING * * *
The orc warrior hits you from afar with a +0 trident of freezing.
* * * LOW HITPOINT WARNING * * *
The orc warrior freezes you.
* * * LOW HITPOINT WARNING * * *
Something hits you but does no damage.
You hear a shout!
You take 42 damage, and have 8/77 hp.
MASSIVE DAMAGE!!
You now have 7/15 mp.
You hit the two-headed ogre with the +5 spear "Tinew".
You freeze the two-headed ogre.
The two-headed ogre is almost dead.
You hit the two-headed ogre with your +3 hand axe of chaos.
You freeze the two-headed ogre.
You kill the two-headed ogre!
The two-headed ogre's corpse disappears in a puff of smoke!
You miss something with your +3 hand axe of chaos.
Your surroundings suddenly seem different.
A kobold brigand and 4 kobolds come into view.
The kobold brigand is wielding a +0 short sword and quivering poisoned darts.
Found a stone staircase leading up.
The kobold brigand shouts!
The kobold shouts!
A kobold comes into view.
It is wielding a +1 vampiric short sword.
You now have 5/15 mp.
As you read the scroll of teleportation, it crumbles to dust.
You feel strangely unstable.
The kobold shouts!
The kobold throws a stone.
The stone barely misses you.
The stone hits the orc but does no damage.
Something hits you but does no damage.
The orc warrior hits you from afar with a +0 trident of freezing.
* * * LOW HITPOINT WARNING * * *
The orc warrior freezes you.
You die...

.......####'###
...##......>..#
...##.........#
##.##.........######
...####.......##...#
....'∩#.......##.#.#
....###.......'.oo.#
.............§##{###
..............##@#
.......#########K.......
..)....# .....###.
##.##### .KKK..# ..##
.......# ..# #...K...#
### #<..K...# #.......#


You could see an orc warrior (summoned), a kobold brigand, an orc (summoned) and
5 kobolds.

Vanquished Creatures
  Pikel (D:5)
  A troll (D:8)
  Grinder (D:5)
  A wyvern (shapeshifter) (D:5)
  A shadow (D:9)
  A ynoxinul (D:8)
  A black bear (D:8)
  2 orc warriors
  A sky beast (D:6)
  2 ogres
  2 centaurs
  2 lemures (D:5)
  A kobold brigand (D:6)
  3 bullfrogs
  6 scorpions
  A gnoll sergeant (D:6)
  4 killer bees (D:9)
  A howler monkey (D:8)
  4 bombardier beetles
  A jelly (D:8)
  A centaur zombie (D:4)
  5 orc priests
  2 gnoll boudas
  3 hounds
  2 sleepcaps
  5 iguanas
  12 scorpion zombies
  Terence (D:2)
  6 orc wizards
  A hound zombie (D:4)
  2 mummies (Ossuary)
  7 adders
  16 gnolls
  2 shadow imps (D:6)
  2 white imps (D:6)
  6 adder zombies
  2 ribbon worms (D:2)
  6 dart slugs
  17 orcs
  6 bats
  8 endoplasms
  2 giant cockroaches
  4 gnoll zombies (Ossuary)
  13 goblins
  10 hobgoblins
  7 jackals
  5 quokkas
  5 ball pythons
  A ball python zombie (Ossuary)
  4 frilled lizards
  8 kobolds
  2 orc zombies (Ossuary)
  5 rats
  A rat zombie (D:4)
216 creatures vanquished.

Vanquished Creatures (collateral kills)
  A kobold brigand (D:7)
  2 scorpions (Ossuary)
  A mummy (Ossuary)
  A gnoll (D:1)
  A dart slug (D:1)
6 creatures vanquished.

Vanquished Creatures (others)
  A jelly (D:6)
  An iguana (D:6)
  4 gnolls
  An adder (D:6)
  An adder zombie (Ossuary)
  2 orcs
10 creatures vanquished.

Grand Total: 232 creatures vanquished

Notes
Turn   | Place    | Note
-------+----------+-------------------------------------------
     0 | D:1      | ezpacito the Coglin Chaos Knight began the quest for the
                  | Orb.
     0 | D:1      | Reached XP level 1. HP: 18/18 MP: 1/1
    42 | D:1      | Reached skill level 1 in Dodging
    51 | D:1      | Reached XP level 2. HP: 23/24 MP: 2/2
    81 | D:1      | Found Qacly's Armour Shoppe.
   120 | D:1      | XOM: silly message
   122 | D:1      | XOM: cast spell 'Summon Ice Beast'
   130 | D:1      | XOM: chaos upgrade
   135 | D:1      | Reached XP level 3. HP: 29/29 MP: 3/3
   419 | D:1      | Found a faded altar of an unknown god.
   841 | D:2      | Reached XP level 4. HP: 32/35 MP: 4/4
   881 | D:2      | Noticed Terence
   898 | D:2      | Killed Terence
   899 | D:2      | Reached skill level 1 in Polearms
  1028 | D:2      | Reached skill level 1 in Spellcasting
  1080 | D:2      | Reached XP level 5. HP: 23/41 MP: 6/6
  1182 | D:2      | XOM: give mutations
  1182 | D:2      | Gained mutation: You expend magic power (3 MP) to
                  | strengthen your wands. [Xom's grace]
  1182 | D:2      | Gained mutation: You are partially covered in iridescent
                  | scales. (AC +2) [Xom's grace]
  1182 | D:2      | Gained mutation: Your mind is acute. (Int +4, Str/Dex -1)
                  | [Xom's grace]
  1182 | D:2      | Gained mutation: You are strong-willed. (Will+) [Xom's
                  | grace]
  1407 | D:3      | XOM: potion effect (haste)
  1593 | D:3      | Found a transporter.
  1619 | D:3      | Found a blossoming altar of Fedhas.
  1802 | D:3      | Reached skill level 1 in Stealth
  1857 | D:3      | XOM: give mutations
  1857 | D:3      | Gained mutation: Your flesh is heat resistant. (rF+) [Xom's
                  | grace]
  1857 | D:3      | Gained mutation: Your flesh is cold resistant. (rC+) [Xom's
                  | grace]
  1857 | D:3      | Gained mutation: You are agile. (Dex +4, Str/Int -1) [Xom's
                  | grace]
  1962 | D:3      | Found a white marble altar of Elyvilon.
  1962 | D:3      | Found a transporter.
  2076 | D:3      | XOM: god gift: giant spiked club {god gift}
  2203 | D:3      | XOM: give mutations
  2203 | D:3      | Lost mutation: You are partially covered in iridescent
                  | scales. (AC +2) [Xom's mischief]
  2203 | D:3      | Gained mutation: You sometimes lose your temper in combat.
                  | [Xom's mischief]
  2203 | D:3      | Gained mutation: You are very agile. (Dex +8, Str/Int -2)
                  | [Xom's mischief]
  2237 | D:4      | Reached XP level 6. HP: 46/48 MP: 7/7
  2302 | D:4      | Found a basalt altar of Yredelemnul.
  2317 | D:4      | XOM: cloud trail
  2373 | D:4      | XOM: 8-stop teleportation journey
  2467 | D:4      | Found a staircase to the Ecumenical Temple.
  2610 | D:4      | Reached XP level 7. HP: 54/54 MP: 9/9
  2755 | D:4      | Found a sand-covered staircase.
  2765 | Ossuary  | Entered an ossuary
  3012 | Ossuary  | XOM: summons friendly iron imp
  3040 | Ossuary  | Reached XP level 8. HP: 52/61 MP: 10/10
  3068 | Ossuary  | XOM: confuse monster(s)
  3150 | Ossuary  | XOM: cloud trail
  3172 | Ossuary  | Reached skill level 5 in Fighting
  3172 | Ossuary  | Reached skill level 5 in Axes
  3309 | D:4      | XOM: summons 3 hostile demons
  3516 | D:5      | Entered Level 5 of the Dungeon
  3521 | D:5      | Noticed Grinder
  3531 | D:5      | XOM: cast spell 'Olgreb's Toxic Radiance'
  3531 | D:5      | Paralysed by Grinder for 2 turns
  3537 | D:5      | Killed Grinder
  3679 | D:5      | Identified the +3 ring mail "Sucuada" {rN+ Str+5 Slay-3}
  3867 | D:5      | Found a snail-covered altar of Cheibriados.
  3951 | D:5      | Noticed Pikel
  3967 | D:5      | Killed Pikel
  3968 | D:5      | Reached XP level 9. HP: 52/69 MP: 11/13
  3978 | D:5      | XOM: 1-stop teleportation journey
  3987 | D:5      | HP: 1/69 [gnoll bouda/+0 whip (11)]
  4106 | D:5      | XOM: noise
  4195 | D:5      | an ice beast changed into a glowing shapeshifter
  4195 | D:5      | Noticed a glowing shapeshifter (glowing shapeshifter)
  4195 | D:5      | XOM: polymorph ice beast -> glowing shapeshifter
  4195 | D:5      | a glowing shapeshifter changed into an entropy weaver
  4195 | D:5      | Noticed an entropy weaver (glowing shapeshifter)
  4196 | D:5      | XOM: summons friendly ynoxinul
  4197 | D:5      | an entropy weaver changed into a wyvern
  4418 | D:5      | XOM: 2-stop teleportation journey
  4627 | D:6      | XOM: give mutations
  4627 | D:6      | Gained mutation: You have hidden genetic potential. [Xom's
                  | grace]
  4627 | D:6      | Gained mutation: You have a pair of small antennae on your
                  | head. [Xom's grace]
  4627 | D:6      | Gained mutation: Your muscles are strong. (Str +4, Int/Dex
                  | -1) [Xom's grace]
  4691 | D:6      | XOM: cleaving
  4693 | D:6      | XOM: destruction
  4844 | D:6      | XOM: scenery: create altars
  4845 | D:6      | XOM: destruction
  4851 | D:6      | Reached skill level 5 in Armour
  4949 | D:6      | XOM: enchant monster (good)
  5027 | D:6      | Identified the ring "Japrof" {^Drain rElec rN+ Stlth+} (Xom
                  | gifted it to you on level 6 of the Dungeon)
  5027 | D:6      | XOM: god gift: ring "Japrof" {^Drain rElec rN+ Stlth+}
  5077 | D:6      | XOM: divination: detect creatures
  5085 | D:6      | XOM: god gift: whip {god gift}
  5229 | D:6      | Reached skill level 1 in Evocations
  5595 | D:1      | Bought a +2 pair of gloves of infusion for 279 gold pieces
  5745 | D:7      | XOM: summons friendly crimson imp
  5761 | D:7      | Reached XP level 10. HP: 68/77 MP: 0/14
  5849 | D:7      | Found a radiant altar of Vehumet.
  5980 | D:7      | Found an opulent altar of Gozag.
  6102 | D:7      | XOM: enchant monster (good)
  6122 | D:7      | Reached skill level 5 in Dodging
  6142 | D:7      | Learned a level 1 spell: Freeze
  6145 | D:7      | Learned a level 2 spell: Blink
  6149 | D:7      | Learned a level 3 spell: Fugue of the Fallen
  6154 | D:7      | Learned a level 4 spell: Anguish
  6157 | D:7      | Learned a level 2 spell: Ensorcelled Hibernation
  6160 | D:7      | Learned a level 2 spell: Lesser Beckoning
  6226 | D:7      | Found Iluuckae's Jewellery Boutique.
  6241 | D:7      | XOM: god gift: +1 pair of boots of rampaging
  6456 | D:7      | XOM: scenery: create altars
  6569 | D:7      | Found a sparkling altar of Nemelex Xobeh.
  6574 | D:7      | Identified the ring "Iffaol" {rC+ Str+6 Dex+2}
  6745 | D:7      | XOM: give mutations
  6745 | D:7      | Lost mutation: You expend magic power (3 MP) to strengthen
                  | your wands. [Xom's mischief]
  6745 | D:7      | Lost mutation: Your flesh is cold resistant. (rC+) [Xom's
                  | mischief]
  6745 | D:7      | Lost mutation: Your mind is acute. (Int +4, Str/Dex -1)
                  | [Xom's mischief]
  6837 | D:8      | XOM: stat loss: -1 Str (19/20)
  6919 | D:8      | XOM: 1-stop teleportation journey
  6940 | D:8      | XOM: cast spell 'Monstrous Menagerie'
  7141 | D:8      | Found a shimmering blue altar of Sif Muna.
  7148 | D:8      | Reached skill level 5 in Polearms
  7152 | D:8      | Got Sif Muna's Incunable of Algor
  7177 | D:8      | Found a bloodstained altar of Trog.
  7239 | D:8      | XOM: summons 4 hostile shadow creatures
  7262 | D:9      | XOM: torment (26/70 hp)
  7275 | D:9      | Gained mutation: You are highly strong-willed. (Will++)
                  | [hidden potential]
  7511 | D:8      | Reached skill level 1 in Translocations
  7673 | D:9      | XOM: summons 2 friendly demons
  7770 | D:9      | Found a staircase to the Lair.
  7771 | D:9      | Found Dohufyah's Antique Weapon Boutique.
  7806 | D:9      | Bought a glowing broad axe for 189 gold pieces
  7819 | D:9      | Found a sacrificial altar of Ru.
  7819 | D:9      | Identified the +5 spear "Tinew" {freeze, rElec Int+3}
  8054 | D:9      | XOM: summons 1 hostile demon
  8125 | D:9      | Found a hazy altar of Hepliaklqana.
  8222 | D:9      | Found an iron altar of Okawaru.
  8223 | D:9      | XOM: summons 2 hostile shadow creatures
  8224 | D:9      | Noticed a two-headed ogre
  8230 | D:9      | HP: 2/77 [orc warrior/+0 trident of freezing[Xom] (6)]
  8230 | D:9      | Slain by an orc warrior

Illustrated notes

Levels and vault maps discovered:
D:1:      mushboom_english_gardens, layout_basic, serial_shops, shop,
          shapermc_ecumenical_altar_mp_highgroup, minmay_misc_feat_doors
D:2:      layout_rooms, uniq_terence
D:3:      cheibrodos_greedy_goblins, layout_loops_ring, elyvilon_altar_4,
          mainiacjoe_overflow_alcove_1
D:4:      layout_basic, nicolae_yredelemnul_corpse_copse,
          minmay_temple_entry_glass, enter_ossuary_3
D:5:      layout_rooms, kennysheep_slug_shrine, bh_walls_and_bars, uniq_grinder,
          uniq_pikel
D:6:      layout_loops_ring, fountainhead, minmay_chambers_of_fives
D:7:      layout_loops_corners, mainiacjoe_overflow_chevrons, marbit_many_paths,
          nicolae_vehumet_radiance, serial_shops, shop
D:8:      layout_basic, nzn_overflow_gifts_of_might_and_magic
D:9:      layout_basic, lemuel_crystal_altar, kennysheep_mini,
          hangedman_ru_absence, overflow_temple_1_default, lair_entry_dummy,
          hiddenorc2_lemuel, serial_shops, nicolae_shop_tiny_glass

Skill      XL: |  1  2  3  4  5  6  7  8  9 10 |
---------------+-------------------------------+-----
Dodging        | 1 2 3 4 5 |  5.3
Armour         | 2 3 4 5 |  5.5
Polearms       | 1 2 4 5 |  5.2
Spellcasting   | 1 2 3 |  3.5
Stealth        | 1 2 3 |  3.5
Axes           | 4 5 6 |  6.9
Fighting       | 4 5 6 |  6.8
Evocations     | 1 2 |  2.1
Translocations | 1 |  1.1
Necromancy     | |  0.8

Action                     |  1- 3 |  4- 6 |  7- 9 | 10-12 || total
---------------------------+-------+-------+-------+-------++-------
  Melee: Hand axe          |    42 |   134 |   269 |    56 ||   501
         Dagger            |    18 |       |       |       ||    18
         Whip              |    18 |   124 |   262 |    45 ||   449
         Spear             |       |       |       |     8 ||     8
    Use: Scroll            |       |     8 |    10 |    12 ||    30
         Potion            |       |     1 |     5 |     6 ||    12
   Stab: Distracted        |     1 |       |     1 |       ||     2
         Confused          |       |     5 |     7 |     1 ||    13
         Paralysed         |       |     4 |     4 |     3 ||    11
         Petrified         |       |     2 |    10 |       ||    12
         Petrifying        |       |     2 |     4 |     1 ||     7
         Held in net/web   |       |       |     1 |       ||     1
         Invisible         |       |       |    13 |       ||    13
 Armour: Leather armour    |    24 |     9 |       |       ||    33
         Chain mail        |       |    98 |   285 |    80 ||   463
  Dodge: Dodged            |    29 |    54 |   127 |    48 ||   258

Table legend: (Time is in decaauts)
 A = Elapsed time spent in this place.
 B = Non-inter-level travel time spent in this place.
 C = Inter-level travel time spent in this place.
 D = Time resting spent in this place.
 E = Time spent auto-exploring this place.
 F = Levels seen in this place.
 G = Mean time per level.
                   A        B        C        D        E       F      G
               +--------+--------+--------+--------+--------+-----+--------+
         Total |   8419 |   7909 |    510 |    373 |   5678 |  10 |  841.9 |
       Dungeon |   7855 |   7345 |    510 |    373 |   5434 |   9 |  872.8 |
       Ossuary |    564 |    564 |      0 |      0 |    244 |   1 |  564.0 |
               +--------+--------+--------+--------+--------+-----+--------+

Top non-repeatable levels by time:
     D:7: 1119 daAuts
     D:4: 1079 daAuts
     D:6: 1002 daAuts
     D:3: 883 daAuts
     D:5: 841 daAuts
     D:1: 818 daAuts
     D:9: 778 daAuts
     D:8: 688 daAuts
     D:2: 642 daAuts
 Ossuary: 564 daAuts
